3A
BELLEVILLE BULLS @ IDAHO FALLS CHUKARS
07/17/2038
 
TOP OF THE 1ST
Belleville Bulls batting - Pitching for Idaho Falls Chukars : RHP Nicolaas Eland
Pitching: RHP Nicolaas Eland
Batting: SHB Aristotle Auer 0-0: Ball
1-0: Ball
2-0: Called Strike
2-1: SINGLE (Line Drive, 4D, EV 99.4 MPH)
Batting: RHB Tom Rowland 0-0: Called Strike
0-1: Ball
1-1: Ball
2-1: Grounds into double play, 5-4-3 (Groundball, 56, EV 81.9 MPH)
Batting: RHB Amor Campos 0-0: Ball
1-0: Ball
2-0: Called Strike
2-1: Foul Ball, location: 2F
2-2: Ball
3-2: Strikes out swinging
Top of the 1st over - 0 runs, 1 hit, 0 errors, 0 left on base; Belleville 0 - Idaho Falls 0
BOTTOM OF THE 1ST
Idaho Falls Chukars batting - Pitching for Belleville Bulls : RHP Ernest Brock
Pitching: RHP Ernest Brock
Batting: SHB Koryusai Ohayashi 0-0: Ball
1-0: Foul Ball, location: 2F
1-1: Fly out, F8 (Flyball, 8LS, EV 87.5 MPH)
Batting: RHB César Vélez 0-0: Called Strike
0-1: Ball
1-1: Ground out 4-3 (Groundball, 34D, EV 99.4 MPH)
Batting: LHB Huibrecht Bloemheuvel 0-0: Ball
1-0: Ball
2-0: Ball
3-0: Called Strike
3-1: Called Strike
3-2: Base on Balls
Batting: RHB Vinnie Nuyten 0-0: Ball
Huibrecht Bloemheuvel is caught stealing 2nd base 2-4
Bottom of the 1st over - 0 runs, 0 hits, 0 errors, 0 left on base; Belleville 0 - Idaho Falls 0
TOP OF THE 2ND
Belleville Bulls batting - Pitching for Idaho Falls Chukars : RHP Nicolaas Eland
Batting: RHB Spencer Wiggins 0-0: Called Strike
0-1: Swinging Strike
0-2: Strikes out swinging
Batting: LHB Travis Ladd 0-0: Called Strike
0-1: Called Strike
0-2: Fly out, F8 (Line Drive, 8LD, EV 88.1 MPH)
Batting: RHB Josh Iriarte 0-0: Fly out, F8 (Line Drive, 8LD, EV 103.8 MPH)
Top of the 2nd over - 0 runs, 0 hits, 0 errors, 0 left on base; Belleville 0 - Idaho Falls 0
BOTTOM OF THE 2ND
Idaho Falls Chukars batting - Pitching for Belleville Bulls : RHP Ernest Brock
Batting: RHB Vinnie Nuyten 0-0: Called Strike
0-1: Swinging Strike
0-2: Hit by Pitch
Batting: RHB Kel Warren 0-0: Ball
1-0: Ball
2-0: Ball
3-0: Called Strike
3-1: Called Strike
3-2: Base on Balls
Vinnie Nuyten to second
Batting: SHB Oscar Henson 0-0: Fly out, F3 (Popup, 3, EV 83.1 MPH)
Batting: RHB Richard Forrest 0-0: Called Strike
0-1: Swinging Strike
0-2: Ball
1-2: Strikes out swinging
Batting: RHB Jon Walker 0-0: Ground out 5-3 (Groundball, 56S, EV 68.8 MPH)
Bottom of the 2nd over - 0 runs, 0 hits, 0 errors, 2 left on base; Belleville 0 - Idaho Falls 0
TOP OF THE 3RD
Belleville Bulls batting - Pitching for Idaho Falls Chukars : RHP Nicolaas Eland
Batting: LHB Jonathan Campbell 0-0: Swinging Strike
0-1: Foul Ball, location: 2F
0-2: Ball
1-2: Strikes out swinging
Batting: RHB Han Spoelstra 0-0: Called Strike
0-1: Foul Ball, location: 2F
0-2: Ball
1-2: Strikes out looking
Batting: RHB Conan Porter 0-0: DOUBLE (Flyball, 8RD, EV 103.1 MPH)
Batting: SHB Aristotle Auer 0-0: Ball
1-0: Called Strike
1-1: Foul Ball, location: 2F
1-2: Fly out, F9 (Flyball, 9LS, EV 89.4 MPH)
Top of the 3rd over - 0 runs, 1 hit, 0 errors, 1 left on base; Belleville 0 - Idaho Falls 0
BOTTOM OF THE 3RD
Idaho Falls Chukars batting - Pitching for Belleville Bulls : RHP Ernest Brock
Batting: RHB Javier Botín 0-0: Called Strike
0-1: Ground out 4-3 (Groundball, 4M, EV 86.2 MPH)
Batting: SHB Koryusai Ohayashi 0-0: Ball
1-0: Ball
2-0: Ball
3-0: Called Strike
3-1: Foul Ball, location: 2F
3-2: Strikes out looking
Batting: RHB César Vélez 0-0: Ball
1-0: Fly out, F8 (Flyball, 8RXD, EV 105.0 MPH)
Bottom of the 3rd over - 0 runs, 0 hits, 0 errors, 0 left on base; Belleville 0 - Idaho Falls 0
TOP OF THE 4TH
Belleville Bulls batting - Pitching for Idaho Falls Chukars : RHP Nicolaas Eland
Batting: RHB Tom Rowland 0-0: Ball
1-0: Ball
2-0: Called Strike
2-1: Foul Ball, location: 2F
2-2: Strikes out swinging
Batting: RHB Amor Campos 0-0: Called Strike
0-1: Ground out 5-3 (Groundball, 5, EV 81.9 MPH)
Batting: RHB Spencer Wiggins 0-0: Ball
1-0: Called Strike
1-1: Swinging Strike
1-2: Ball
2-2: Ball
3-2: Foul Ball, location: 2F
3-2: Base on Balls
Batting: LHB Travis Ladd 0-0: Called Strike
0-1: Fly out, F8 (Flyball, 89D, EV 90.0 MPH)
Top of the 4th over - 0 runs, 0 hits, 0 errors, 1 left on base; Belleville 0 - Idaho Falls 0
BOTTOM OF THE 4TH
Idaho Falls Chukars batting - Pitching for Belleville Bulls : RHP Ernest Brock
Batting: LHB Huibrecht Bloemheuvel 0-0: Ball
1-0: Ground out 4-3 (Groundball, 4, EV 105.6 MPH)
Batting: RHB Vinnie Nuyten 0-0: Foul Ball, location: 2F
0-1: Fly out, F7 (Flyball, 7, EV 81.2 MPH)
Batting: RHB Kel Warren 0-0: Foul Ball, location: 2F
0-1: Foul Ball, location: 2F
0-2: Foul Ball, location: 2F
0-2: Ball
1-2: Ball
2-2: Foul Ball, location: 2F
2-2: Fly out, F3 (Popup, 3, EV 63.8 MPH)
Bottom of the 4th over - 0 runs, 0 hits, 0 errors, 0 left on base; Belleville 0 - Idaho Falls 0
TOP OF THE 5TH
Belleville Bulls batting - Pitching for Idaho Falls Chukars : RHP Nicolaas Eland
Batting: RHB Josh Iriarte 0-0: Called Strike
0-1: Called Strike
0-2: Ball
1-2: Ground out 6-3 (Groundball, 56, EV 80.6 MPH)
Batting: LHB Jonathan Campbell 0-0: Called Strike
0-1: SINGLE (Groundball, 56D, EV 104.4 MPH)
Batting: RHB Han Spoelstra 0-0: Fly out, F6 (Popup, 4MD, EV 68.8 MPH)
Batting: RHB Conan Porter 0-0: Called Strike
0-1: Called Strike
0-2: Strikes out looking
Top of the 5th over - 0 runs, 1 hit, 0 errors, 1 left on base; Belleville 0 - Idaho Falls 0
BOTTOM OF THE 5TH
Idaho Falls Chukars batting - Pitching for Belleville Bulls : RHP Ernest Brock
Batting: SHB Oscar Henson 0-0: Ball
1-0: Ball
2-0: Ball
3-0: Foul Ball, location: 2F
3-1: Swinging Strike
3-2: Base on Balls
Batting: RHB Richard Forrest 0-0: Ball
1-0: Sac Bunt to 15S - play at second, runner safe!
Batting: RHB Jon Walker 0-0: Ball
1-0: DOUBLE (Line Drive, 89D, EV 106.9 MPH)
Oscar Henson scores
Richard Forrest to third
Batting: RHB Javier Botín 0-0: Fly out, F8 (Flyball, 78M, EV 74.4 MPH)
Runner from 3rd tags up, SCORES, throw by CF
Batting: SHB Koryusai Ohayashi 0-0: Ball
1-0: Ball
2-0: Called Strike
2-1: Ball
3-1: Foul Ball, location: 2F
3-2: 2-RUN HOME RUN (Flyball, 9LD, EV 101.2 MPH), Distance : 358 ft
Batting: RHB César Vélez 0-0: Ball
1-0: Ground out 5-3 (Groundball, 56, EV 85.0 MPH)
Batting: LHB Huibrecht Bloemheuvel 0-0: Hit by Pitch
Batting: RHB Vinnie Nuyten 0-0: Ball
1-0: Swinging Strike
1-1: Fly out, F9 (Flyball, 9LSF, EV 91.2 MPH)
Bottom of the 5th over - 4 runs, 2 hits, 0 errors, 1 left on base; Belleville 0 - Idaho Falls 4
TOP OF THE 6TH
Belleville Bulls batting - Pitching for Idaho Falls Chukars : RHP Nicolaas Eland
Batting: SHB Aristotle Auer 0-0: Ball
1-0: Foul Ball, location: 2F
1-1: Called Strike
1-2: Ball
2-2: Strikes out swinging
Batting: RHB Tom Rowland 0-0: Foul Ball, location: 2F
0-1: Foul Ball, location: 2F
0-2: Ball
1-2: Strikes out swinging
Batting: RHB Amor Campos 0-0: Called Strike
0-1: Foul Ball, location: 2F
0-2: Ball
1-2: Strikes out swinging
Top of the 6th over - 0 runs, 0 hits, 0 errors, 0 left on base; Belleville 0 - Idaho Falls 4
BOTTOM OF THE 6TH
Idaho Falls Chukars batting - Pitching for Belleville Bulls : RHP Ernest Brock
Batting: RHB Kel Warren 0-0: SOLO HOME RUN (Flyball, 7D, EV 101.2 MPH), Distance : 406 ft
Batting: SHB Oscar Henson 0-0: Ball
1-0: Foul Ball, location: 2F
1-1: Foul Ball, location: 2F
1-2: Foul Ball, location: 2F
1-2: Ball
2-2: Foul Ball, location: 2F
2-2: SINGLE (Groundball, 6D, EV 105.0 MPH)
Pitching: RHP Li-zhu Koo
Batting: RHB Richard Forrest 0-0: Called Strike
0-1: Foul Ball, location: 2F
0-2: Ball
1-2: Ball
2-2: Ball
3-2: Strikes out swinging
Batting: RHB Jon Walker 0-0: Called Strike
0-1: Swinging Strike
0-2: Ball
1-2: Foul Ball, location: 2F
1-2: Strikes out swinging
Batting: RHB Javier Botín 0-0: Ball
1-0: Foul Ball, location: 2F
1-1: Called Strike
1-2: Ball
Oscar Henson steals 2nd base
2-2: Ground out 5-3 (Groundball, 56, EV 83.8 MPH)
Bottom of the 6th over - 1 run, 2 hits, 0 errors, 1 left on base; Belleville 0 - Idaho Falls 5
TOP OF THE 7TH
Belleville Bulls batting - Pitching for Idaho Falls Chukars : RHP Nicolaas Eland
Batting: RHB Spencer Wiggins 0-0: Foul Ball, location: 2F
0-1: Fly out, F7 (Flyball, 7, EV 76.2 MPH)
Batting: LHB Travis Ladd 0-0: Ball
1-0: Called Strike
1-1: Ground out 5-3 (Groundball, 56S, EV 89.4 MPH)
Batting: RHB Josh Iriarte 0-0: Ball
1-0: Called Strike
1-1: Foul Ball, location: 2F
1-2: Foul Ball, location: 2F
1-2: Foul Ball, location: 2F
1-2: Strikes out swinging
Top of the 7th over - 0 runs, 0 hits, 0 errors, 0 left on base; Belleville 0 - Idaho Falls 5
BOTTOM OF THE 7TH
Idaho Falls Chukars batting - Pitching for Belleville Bulls : RHP Li-zhu Koo
Batting: SHB Koryusai Ohayashi 0-0: Ball
1-0: Foul Ball, location: 2F
1-1: Called Strike
1-2: Ball
2-2: Ball
3-2: Base on Balls
Batting: RHB César Vélez 0-0: Called Strike
0-1: Foul Ball, location: 2F
0-2: Strikes out swinging
Batting: LHB Huibrecht Bloemheuvel 0-0: Called Strike
Koryusai Ohayashi is caught stealing 2nd base 2-6
0-1: Foul Ball, location: 2F
0-2: Ball
1-2: Ball
2-2: Foul Ball, location: 2F
2-2: Ball
3-2: Foul Ball, location: 2F
3-2: Fly out, F9 (Line Drive, 9, EV 98.1 MPH)
Bottom of the 7th over - 0 runs, 0 hits, 0 errors, 0 left on base; Belleville 0 - Idaho Falls 5
TOP OF THE 8TH
Belleville Bulls batting - Pitching for Idaho Falls Chukars : RHP Nicolaas Eland
Batting: LHB Jonathan Campbell 0-0: SINGLE (Groundball, 3D, EV 97.5 MPH)
Batting: RHB Han Spoelstra 0-0: Called Strike
0-1: Swinging Strike
0-2: Ball
1-2: Strikes out swinging
Batting: RHB Conan Porter 0-0: Swinging Strike
0-1: Ball
1-1: Foul Ball, location: 2F
1-2: Foul Ball, location: 2F
1-2: Grounds into double play, 5-4-3 (Groundball, 56, EV 107.5 MPH)
Top of the 8th over - 0 runs, 1 hit, 0 errors, 0 left on base; Belleville 0 - Idaho Falls 5
BOTTOM OF THE 8TH
Idaho Falls Chukars batting - Pitching for Belleville Bulls : RHP Li-zhu Koo
Batting: RHB Vinnie Nuyten 0-0: Called Strike
0-1: Swinging Strike
0-2: Strikes out looking
Batting: RHB Kel Warren 0-0: Called Strike
0-1: Ball
1-1: Foul Ball, location: 2F
1-2: DOUBLE (Groundball, 5L, EV 100.6 MPH)
Batting: SHB Oscar Henson 0-0: Ball
1-0: Ground out 4-3 (Groundball, 4S, EV 72.5 MPH)
Kel Warren to third
Batting: RHB Richard Forrest 0-0: Foul Ball, location: 2F
0-1: Called Strike
0-2: Strikes out swinging
Bottom of the 8th over - 0 runs, 1 hit, 0 errors, 1 left on base; Belleville 0 - Idaho Falls 5
TOP OF THE 9TH
Belleville Bulls batting - Pitching for Idaho Falls Chukars : RHP Nicolaas Eland
Batting: SHB Aristotle Auer 0-0: Hit by Pitch
Batting: RHB Tom Rowland 0-0: Ball
1-0: Called Strike
1-1: Ball
2-1: Ball
3-1: Base on Balls
Aristotle Auer to second
Batting: RHB Amor Campos 0-0: Called Strike
0-1: Ball
1-1: Fly out, F5 (Popup, 56S, EV 86.9 MPH)
Batting: RHB Spencer Wiggins 0-0: Ball
1-0: Ball
2-0: Foul Ball, location: 2F
2-1: Ball
3-1: Swinging Strike
3-2: Fly out, F8 (Line Drive, 8RM, EV 101.9 MPH)
Batting: LHB Travis Ladd 0-0: Called Strike
0-1: Ball
1-1: Ball
2-1: SINGLE (Flyball, 9S, EV 86.2 MPH)
Aristotle Auer to third
Tom Rowland to second
Pitching: RHP Masao Myoga
Batting: RHB Josh Iriarte 0-0: Ball
1-0: Called Strike
1-1: Ball
2-1: Called Strike
2-2: Fielders Choice at 2nd, 5-4 (Groundball, 5L, EV 90.6 MPH)
Top of the 9th over - 0 runs, 1 hit, 0 errors, 3 left on base; Belleville 0 - Idaho Falls 5
Friday, April 17th, 2020 - OOTP Baseball 20.8 Build 74